 Dungeon Crawl Stone Soup version 0.29.1-4-g47bece8355 (webtiles) character file.

Game seed: 13123009848479475716

414294 MacCMillion the Wrestler (level 22, -44/199 HPs)
             Began as a Troll Fighter on Dec 10, 2022.
             Was the Champion of Wu Jian.
             Killed from afar by a quicksilver dragon (illusionary) (49 damage)
             ... with a bolt of dispelling energy
             ... on level 3 of the Depths on Dec 11, 2022.
             The game lasted 04:29:04 (62364 turns).

MacCMillion the Wrestler (Troll Fighter)           Turns: 62364, Time: 04:29:05

Health: -44/199    AC:  5    Str: 32    XL:     22   Next: 52%
Magic:  9/25       EV: 11    Int: 14    God:    Wu Jian [******]
Gold:   3324       SH: 21    Dex:  9    Spells: 21/27 levels left

rFire   + + .      SeeInvis +     - Unarmed
rCold   + . .      Faith    .   u - +5 kite shield {reflect}
rNeg    . . .      Spirit   .   o - +1 robe {Archmagi}
rPois   .          Reflect  +   (helmet restricted)
rElec   .          Harm     .   I - scarf {rC+ rF+}
rCorr   .          Rampage  .   (gloves unavailable)
Will    +....      Archmagi +   (boots unavailable)
Stlth   ++........              g - amulet of reflection
HPRegen 1.23/turn               w - ring of see invisible
MPRegen 0.19/turn               R - ring "Fapse" {rF+ Int+4 Slay+4 Stlth+}

@: studying 2 skills
A: large, unfitting armour, claws 3, regeneration 1, shaggy fur 1, tough skin 1,
frail 1
}: 2/15 runes: barnacled, gossamer
a: Renounce Religion, Wall Jump, Serpent's Lash, Heavenly Storm


You were on level 3 of the Depths.
You worshipped Wu Jian.
Wu Jian was exalted by your worship.
You visited 10 branches of the dungeon, and saw 44 of its levels.
You visited 2 bazaars.
You also visited: Sewer, Gauntlet and Ice Cave.

You collected 5970 gold pieces.
You spent 2646 gold pieces at shops.

Inventory:

Missiles
 x - 16 silver javelins (quivered)
Armour
 o - a +1 robe of the Archmagi (worn)
 u - a +5 kite shield of reflection (worn)
 B - a +1 kite shield of resistance
 I - a scarf of resistance (worn)
 P - a +2 cloak of stealth
 Q - the +2 cloak of the Worm {Harm *Corrode Fly Will+}
   (You found it in a Gauntlet)

   Fly:       It grants you flight.
   *Corrode:  It may corrode you when you take damage.
   Harm:      It increases damage dealt and taken.
   Will:      It increases your willpower.
Magical Staves
 a - a staff of earth
Jewellery
 c - the ring "Echankadupt" {rElec rF++ rCorr Str+6 Int-4}
   (You bought it in a shop in a bazaar)

   [ring of strength]

   Str:       It affects your strength (+6).
   Int:       It affects your intelligence (-4).
   rF:        It greatly protects you from fire.
   rElec:     It insulates you from electricity.
   rCorr:     It protects you from acid and corrosion.
 g - an amulet of reflection (around neck)
 q - a ring of willpower
 w - a ring of see invisible (left claw)
 H - the ring of Sif Muna's Whim {rPois rF++ EV+4}
   (You took it off a deep elf demonologist on level 3 of the Elven Halls)

   [ring of evasion]

   EV:        It affects your evasion (+4).
   rF:        It greatly protects you from fire.
   rPois:     It protects you from poison.
 J - a ring of willpower
 M - an amulet of regeneration
 R - a ring "Fapse" (right claw) {rF+ Int+4 Slay+4 Stlth+}
   (You took it off a deep elf demonologist on level 3 of the Elven Halls)

   [ring of slaying]

   Int:       It affects your intelligence (+4).
   Slay:      It affects your accuracy & damage with ranged weapons and melee
   (+4).
   rF:        It protects you from fire.
   Stlth:     It makes you more stealthy.
 U - a ring of positive energy
 X - a ring of protection from cold
Wands
 y - a wand of mindburst (32)
 D - a wand of digging (31)
 O - a wand of polymorph (25)
 S - a wand of light (12)
 T - a wand of roots (33)
 Y - a wand of charming (37)
Scrolls
 f - 12 scrolls of immolation
 j - 5 scrolls of fear
 l - 10 scrolls of blinking
 m - 9 scrolls of vulnerability
 z - 2 scrolls of teleportation
 C - 5 scrolls of butterflies
 E - 3 scrolls of silence
 F - 10 scrolls of poison
 L - 4 scrolls of magic mapping
 V - 3 scrolls of torment
Potions
 d - 22 potions of curing
 e - 8 potions of haste
 h - 13 potions of magic
 i - 4 potions of berserk rage
 k - 3 potions of resistance
 p - 4 potions of cancellation
 r - 3 potions of heal wounds
 t - 8 potions of lignification
 v - 5 potions of invisibility
 A - 3 potions of attraction
 G - 11 potions of mutation
 K - 8 potions of brilliance
 W - 4 potions of might
 Z - 5 potions of ambrosia
Miscellaneous
 b - a box of beasts
 n - a condenser vane
 s - a phial of floods
 N - a phantom mirror


   Skills:
 + Level 13.7 Fighting
 - Level 9.9 Dodging
 + Level 13.7 Shields
 * Level 21.6 Unarmed Combat
 - Level 3.3 Spellcasting
 + Level 13.6 Transmutations
 + Level 18.0 Earth Magic
 - Level 6.3 Evocations


You had 21 spell levels left.
You knew the following spells:

 Your Spells              Type           Power      Damage    Failure   Level
a - Statue Form           Tmut/Erth      42%        N/A       8%          6

Your spell library contained the following spells:

 Spells                   Type           Power      Damage    Failure   Level
 Beastly Appendage        Tmut           100%       N/A       1%          1
 Sting                    Tmut/Pois      100%       1d8       1%          1
 Wereblood                Tmut           57%        N/A       1%          2
 Petrify                  Tmut/Erth      63%        N/A       1%          4
 Lee's Rapid Deconstruct  Erth           34%        3d18*     1%          5
 Stone Arrow              Conj/Erth      82%        3d12      2%          3
 Spider Form              Tmut/Pois      32%        N/A       6%          3
 Animate Armour           Summ/Erth      82%        N/A       9%          4
 Ignite Poison            Fire/Tmut/Pois 22%        N/A       16%         3
 Ice Form                 Ice/Tmut       32%        N/A       21%         4
 Borgnjor's Vile Clutch   Necr/Erth      20%        N/A       22%         5
 Magic Dart               Conj           12%        1d3       34%         1
 Necrotise                Necr           12%        1d4       34%         1
 Summon Small Mammal      Summ           12%        N/A       34%         1
 Blink                    Tloc           6%         N/A       45%         2
 Call Imp                 Summ           3%         N/A       45%         2
 Ensorcelled Hibernation  Hex/Ice        6%         N/A       45%         2
 Scorch                   Fire           6%         2d5       45%         2
 Sublimation of Blood     Necr           3%         N/A       45%         2
 Alistair's Intoxication  Tmut/Pois      21%        N/A       50%         5
 Call Canine Familiar     Summ           3%         N/A       71%         3
 Dazzling Flash           Conj/Hex       6%         N/A       71%         3
 Frozen Ramparts          Ice            6%         1d1       71%         3
 Inner Flame              Hex/Fire       3%         N/A       71%         3
 Lesser Beckoning         Tloc           3%         N/A       71%         3
 Mephitic Cloud           Conj/Pois/Air  3%         N/A       71%         3
 Summon Guardian Golem    Hex/Summ       3%         N/A       71%         3
 Vampiric Draining        Necr           3%         2d6       71%         3
 Dragon Form              Tmut           28%        N/A       71%         7
 Eringya's Noxious Bog    Tmut/Pois      16%        N/A       97%         6
 Anguish                  Hex/Necr       1%         N/A       98%         4
 Cause Fear               Hex            1%         N/A       98%         4
 Fulminant Prism          Conj/Hex       1%         3d6       98%         4
 Hailstorm                Conj/Ice       3%         3d3       98%         4
 Iskenderun's Mystic Bla  Conj/Tloc      3%         2d3       98%         4
 Olgreb's Toxic Radiance  Pois           3%         N/A       98%         4
 Sticky Flame             Conj/Fire      3%         2d3       98%         4
 Summon Ice Beast         Ice/Summ       3%         N/A       98%         4
 Agony                    Necr           3%         N/A       100%        5
 Fireball                 Conj/Fire      1%         3d3       100%        5
 Freezing Cloud           Conj/Ice/Air   1%         6-21      100%        5
 Manifold Assault         Tloc           3%         N/A       100%        5
 Metabolic Englaciation   Hex/Ice        1%         N/A       100%        5
 Silence                  Hex/Air        1%         N/A       100%        5
 Summon Forest            Summ/Tloc      1%         N/A       100%        5
 Summon Mana Viper        Hex/Summ       3%         N/A       100%        5
 Starburst                Conj/Fire      1%         6d3       100%        6
 Summon Cactus Giant      Summ           1%         N/A       100%        6
 Monstrous Menagerie      Summ           1%         N/A       100%        7
 Spellforged Servitor     Conj/Summ      1%         N/A       100%        7
 Storm Form               Tmut/Air       16%        N/A       100%        7
 Discord                  Hex            1%         N/A       100%        8
 Ignition                 Fire           1%         3d3       100%        8
 Lehudib's Crystal Spear  Conj/Erth      20%        10d6      100%        8
 Polar Vortex             Ice            1%         N/A       100%        9


Dungeon Overview and Level Annotations

Branches:
Dungeon (15/15)            Temple (1/1) D:4            Lair (5/5) D:10
 Shoals (4/4) Lair:2       Spider (4/4) Lair:3        Slime (0/5) Lair:5
    Orc (2/2) D:12            Elf (3/3) Orc:2        Vaults (4/5) D:13
  Crypt (3/3) Vaults:2       Tomb (0/3) Crypt:3      Depths (3/4) D:15
  Sewer (visited)           IceCv (visited)         Gauntlet (visited)

Altars:
Ashenzari
Cheibriados
Dithmenos
Elyvilon
Fedhas
Gozag
Hepliaklqana
Kikubaaqudgha
Makhleb
Nemelex Xobeh
Okawaru
Qazlal
Ru
Sif Muna
Trog
Uskayaw
Vehumet
Wu Jian
Xom
Yredelemnul
Zin
The Shining One
Jiyva

Shops:
D:9 [   Orc:2 (?(:(   Elf:2 *   Vaults:1 !   Depths:1 :=:*   Depths:3 [

Portals:
Hell: Depths:1 Depths:2
Pandemonium: Depths:2

Annotations:
Spider:3 3 runed translucent doors, ChadusMaximus's ghost, adept MiFi
Crypt:1 3 runed translucent doors, Esecs's ghost, veteran GrEE; Woadakig's ghost, veteran FoFi; rrossfarrar's ghost, veteran BaFi


Innate Abilities, Weirdness & Mutations

You are too large for most types of armour.
You have claws for hands.
Your natural rate of healing is unusually fast.
You are covered in fur. (AC +1)
You have tough skin. (AC +1)
You are frail. (-10% HP)


Message History

The quicksilver dragon claws you!
* * * LOW HITPOINT WARNING * * *
The rakshasa hits you with a +0 long sword!
* * * LOW HITPOINT WARNING * * *
The deep troll earth mage gestures next to you while chanting.
The wall shatters!
The blast of rock fragments hits you!
* * * LOW HITPOINT WARNING * * *
Unknown command.
Blink to where?
Press: ? - help, Dir - move target
As you read the scroll of blinking, it crumbles to dust.
The deep troll earth mage points next to the quicksilver dragon and mumbles some strange words.
You hear a grinding noise.
You feel much better.
Unknown command.
a - a staff of earth (weapon)
The quicksilver dragon bites you!
* * * LOW HITPOINT WARNING * * *
You block the quicksilver dragon's attack.
Casting: Statue Form (dangerous; 8% risk of failure)
Confirm with . or Enter, or press ? or * to list all spells.
You feel a strong surge of power!
You turn into a living statue of rough stone.
Your +1 robe of the Archmagi melds into your body.
You feel strangely numb.
The quicksilver dragon breathes dispelling energy at you.
The bolt of dispelling energy hits you!!
Your magical effects are unravelling.
* * * LOW HITPOINT WARNING * * *
The deep troll earth mage bites you but does no damage.
You block the deep troll earth mage's attack.
The deep troll earth mage claws you!
* * * LOW HITPOINT WARNING * * *
You are now empty-clawed.
You revert to your normal fleshy form.
Your +1 robe of the Archmagi unmelds from your body.
You feel powerful.
The quicksilver dragon breathes dispelling energy at you.
The bolt of dispelling energy hits you!!!
You die...

.. .. .# .#
#############
##.##...........#####
#⌠....[..............
#................†...
#...@T#########.))...
##.D##R.......####...
#............ ###.
#.....[.:⌠[.. #.
###.......... #.
####....... ##
####### # # #


You could see a quicksilver dragon (catching breath), a rakshasa and a deep
troll earth mage.

Vanquished Creatures
  An ancient lich (Crypt:3)
  Boris (twice) (Crypt:3 Depths:2)
  Frederick (Depths:3)
  2 curse toes (Crypt:3)
  A tentacled monstrosity (Vaults:3)
  5 liches
  Asterion (Vaults:2)
  3 deep elf blademasters
  2 deep elf master archers (Elf:3)
  A quicksilver dragon (Depths:3)
  8 ancient champions
  Polyphemus (Shoals:2)
  5 sphinxes
  Donald (Crypt:1)
  A tengu reaver (Depths:1)
  Ilsuiw (Shoals:3)
  2 revenants (Crypt:3)
  11 vault wardens
  2 frost giants
  A ghost moth (shapeshifter) (Elf:3)
  2 emperor scorpions (Spider:4)
  2 fire giants (Depths:2)
  5 ghost moths
  An orc warlord (Vaults:1)
  A curse skull (Crypt:2)
  7 deep elf sorcerers
  A ghoul (Crypt:1)
  2 juggernaut skeletons
  9 ironbound preservers
  3 deep elf elementalists (Elf:3)
  9 stone giants
  3 reapers
  9 ironbound thunderhulks
  2 war gargoyles
  7 deep elf demonologists
  8 vampire knights
  5 deep elf annihilators (Elf:3)
  2 dire elephants
  9 spark wasps
  Nessos (D:15)
  4 entropy weavers
  11 very ugly things
  6 eidola
  A minotaur (Gauntlet)
  A mummy priest (Crypt:3)
  3 ettins
  7 deep elf death magi
  Snorg (Orc:2)
  3 crystal guardians
  5 jiangshi
  5 fire dragons
  5 merfolk javelineers
  7 great orbs of eyes
  A quicksilver dragon zombie (Vaults:1)
  10 merfolk impalers
  5 yaktaur captains
  2 ice dragons
  2 ogre magi (Orc:2)
  9 boulder beetles
  6 hydras
  12 vault guards
  A quicksilver dragon skeleton (Crypt:3)
  3 peacekeepers
  2 jorogumos (Spider:4)
  Harold (D:9)
  4 rakshasas
  A juggernaut simulacrum (Crypt:2)
  3 merfolk avatars (Shoals:2)
  6 death knights
  A spriggan skeleton (Crypt:3)
  Erica (Lair:2)
  19 centaur warriors
  5 two-headed ogres
  9 ironbound frosthearts
  4 catoblepae
  4 merfolk aquamancers
  27 dancing weapons
  11 death yaks
  A satyr (Shoals:4)
  An alligator snapping turtle (Shoals:4)
  4 tengu warriors
  2 deep troll shamans (Depths:2)
  9 deep troll earth magi
  6 vampire magi
  A bennu skeleton (Crypt:1)
  3 hell knights
  An orc high priest (Elf:1)
  A titan skeleton (Crypt:2)
  12 deep elf knights
  A sun demon (Depths:2)
  33 skeletal warriors
  3 iron trolls (Depths:2)
  7 pharaoh ants
  3 soul eaters
  5 sun moths
  An anaconda zombie (Crypt:2)
  A steelbarb worm (shapeshifter) (Vaults:3)
  17 sea snakes
  10 steelbarb worms
  18 deep trolls
  3 shadow wraiths (Crypt:3)
  7 orb spiders
  7 flayed ghosts
  3 glowing orange brains
  A harpy (shapeshifter) (Elf:2)
  12 deep elf archers
  A spriggan simulacrum (Crypt:3)
  19 lindwurms
  12 phantasmal warriors
  8 wizards
  13 harpies
  8 necromancers
  5 orc knights
  A shadow dragon zombie (Crypt:1)
  3 golden dragon skeletons
  8 ironbound convokers
  6 cyclopes
  27 deep elf zephyrmancers
  16 wolf spiders
  31 deep elf pyromancers
  A jorogumo zombie (Crypt:3)
  11 orc sorcerers
  4 fauns (Shoals:2)
  A salamander (Depths:2)
  An iron dragon skeleton (Crypt:1)
  19 manticores
  28 ugly things
  A stone giant zombie (Crypt:2)
  9 elephants
  A moth of wrath (shapeshifter) (Vaults:4)
  7 black mambas
  10 merfolk sirens
  A goliath frog skeleton (Crypt:1)
  A moth of wrath (Spider:4)
  2 human skeletons
  A stone giant skeleton (Crypt:3)
  16 water nymphs
  10 cane toads
  3 ice statues (IceCv)
  A gargoyle (D:10)
  11 vault sentinels
  2 torpor snails
  11 rime drakes
  A smoke demon (Depths:2)
  3 komodo dragons
  A naga skeleton (Crypt:3)
  6 demonic crawlers
  An elf zombie (Vaults:1)
  2 efreet (D:14)
  A dire elephant skeleton (Crypt:3)
  A mana viper zombie (Crypt:3)
  6 freezing wraiths
  3 unseen horrors
  A yaktaur (shapeshifter) (Elf:2)
  36 yaktaurs
  6 guardian mummies (Crypt:3)
  2 tengu conjurers (Depths:3)
  A grey draconian skeleton (Crypt:3)
  A red draconian skeleton (Crypt:2)
  A purple draconian skeleton (Crypt:2)
  9 polar bears
  5 trolls
  6 meliai (Spider:4)
  25 merfolk
  5 hornets
  25 slime creatures
  11 tarantellas
  8 wind drakes
  8 dream sheep
  A dream sheep (shapeshifter) (Elf:3)
  9 blink frogs
  6 snapping turtles
  A jumping spider (shapeshifter) (D:15)
  21 culicivoras
  13 jumping spiders
  2 air elementals
  11 flying skulls
  7 wraiths
  2 shadows
  12 spriggans (Lair:5)
  7 wyverns
  A fire elemental (Elf:2)
  6 basilisks
  5 steam dragons
  38 yaks
  A naga simulacrum (Crypt:3)
  27 water elementals
  7 vampire mosquitoes
  16 redbacks
  A death yak simulacrum (IceCv)
  3 acid dragons
  2 harpy simulacra (IceCv)
  18 water moccasins
  A hydra simulacrum (IceCv)
  A demonspawn zombie (Crypt:2)
  A floating eye (shapeshifter) (Vaults:3)
  A glowing orange brain zombie (Crypt:3)
  25 orc warriors
  A black bear (shapeshifter) (Elf:2)
  An ice beast (D:6)
  A sky beast (D:6)
  5 black bears
  4 boggarts (Lair:5)
  30 wolves
  5 ogres
  A snapping turtle skeleton (Crypt:1)
  12 centaurs
  A lindwurm skeleton (Crypt:3)
  A phantom (D:5)
  3 kobold brigands
  13 bullfrogs
  4 gnoll sergeants
  A necrophage (D:5)
  3 scorpions
  4 earth elementals
  A wyvern zombie (Crypt:2)
  4 wights (D:8)
  2 cane toad simulacra (IceCv)
  2 water moccasin skeletons
  An elephant simulacrum (IceCv)
  22 killer bees
  5 howler monkeys
  A howler monkey (shapeshifter) (Vaults:3)
  3 electric eels
  A wolf zombie (Crypt:1)
  5 hounds
  13 orc priests
  A gnoll bouda (D:6)
  2 iguanas
  30 orc wizards
  A wolf simulacrum (IceCv)
  A tengu skeleton (Crypt:1)
  A hound skeleton (Crypt:1)
  17 gnolls
  11 adders
  A swamp drake skeleton (Crypt:2)
  2 white imps
  An ufetubus (D:6)
  A worm zombie (Crypt:2)
  A worm (D:2)
  2 dart slugs
  64 orcs
  3 endoplasms
  5 giant cockroaches
  5 goblins
  4 hobgoblins
  4 jackals (D:3)
  22 kobolds
  6 quokkas
  8 ball pythons
  7 bats
  2 frilled lizards
  A jackal skeleton (Crypt:3)
  6 rats
1611 creatures vanquished.

Vanquished Creatures (others)
  A spark wasp (Depths:2)
  A deep elf zephyrmancer (Elf:3)
  A manticore (D:13)
  A black mamba (shapeshifter) (D:13)
  A flying skull (Crypt:2)
  2 water elementals (Depths:3)
  An orc wizard (Orc:2)
  An orc (D:9)
  28 demonic plants (Gauntlet)
  24 fungi
  140 plants
  8 toadstools (Lair:3)
209 creatures vanquished.

Grand Total: 1820 creatures vanquished

Notes
Turn   | Place    | Note
-------+----------+-------------------------------------------
     0 | D:1      | MacCMillion the Troll Fighter began the quest for the Orb.
     0 | D:1      | Reached XP level 1. HP: 22/22 MP: 0/0
    62 | D:1      | Reached XP level 2. HP: 29/29 MP: 1/1
    64 | D:1      | Found a faded altar of an unknown god.
   749 | D:2      | Reached XP level 3. HP: 36/36 MP: 2/2
   830 | D:2      | Reached skill level 3 in Unarmed Combat
  1181 | D:2      | Reached XP level 4. HP: 44/44 MP: 3/3
  1558 | D:3      | Identified a scroll of acquirement
  1559 | D:3      | Acquired an amulet of regeneration
  1646 | D:3      | Found a glowing drain.
  1650 | Sewer    | Entered a sewer
  1823 | Sewer    | Noticed a kobold brigand
  1827 | Sewer    | Killed a kobold brigand
  1828 | Sewer    | Reached skill level 4 in Unarmed Combat
  1828 | Sewer    | Reached XP level 5. HP: 53/53 MP: 4/4
  2236 | D:4      | Found a staircase to the Ecumenical Temple.
  2250 | Temple   | Entered the Ecumenical Temple
  2415 | Temple   | Became a worshipper of the Wu Jian Council
  2503 | D:4      | Found a hide-covered altar of Uskayaw.
  2727 | D:4      | Noticed a centaur
  2737 | D:4      | Killed a centaur
  2738 | D:4      | Reached XP level 6. HP: 44/61 MP: 5/5
  2989 | D:4      | Reached skill level 5 in Unarmed Combat
  3216 | D:4      | Found a white marble altar of Elyvilon.
  3291 | D:4      | Found a glowing golden altar of the Shining One.
  3355 | D:4      | Found a burning altar of Makhleb.
  3530 | D:5      | Entered Level 5 of the Dungeon
  3580 | D:5      | Reached XP level 7. HP: 61/68 MP: 6/6
  3615 | D:5      | Noticed a yak
  3615 | D:5      | Noticed a yak
  3623 | D:5      | Noticed a yak
  3626 | D:5      | Killed a yak
  3627 | D:5      | Reached skill level 6 in Unarmed Combat
  3634 | D:5      | Killed a yak
  3634 | D:5      | Reached * piety under Wu Jian
  3640 | D:5      | Killed a yak
  3714 | D:5      | Reached XP level 8. HP: 76/78 MP: 7/7
  3758 | D:5      | Reached skill level 5 in Shields
  3789 | D:5      | Reached skill level 7 in Unarmed Combat
  4061 | D:5      | Found a sparkling altar of Nemelex Xobeh.
  4339 | D:6      | Found a shimmering altar of Xom.
  4354 | D:6      | Reached skill level 5 in Fighting
  4535 | D:6      | Reached skill level 8 in Unarmed Combat
  4801 | D:6      | Reached XP level 9. HP: 88/88 MP: 8/8
  4972 | D:7      | Reached ** piety under Wu Jian
  5042 | D:7      | Reached skill level 9 in Unarmed Combat
  5398 | D:7      | Found a stormy altar of Qazlal.
  5671 | D:7      | Reached skill level 10 in Unarmed Combat
  6144 | D:8      | Killed an unseen horror
  6165 | D:7      | Reached XP level 10. HP: 37/100 MP: 9/9
  6277 | D:8      | Noticed a manticore
  7190 | D:7      | Found a stormy altar of Qazlal.
  7999 | D:8      | Reached skill level 11 in Unarmed Combat
  8006 | D:8      | Reached *** piety under Wu Jian
  8026 | D:8      | Noticed a catoblepas
  8201 | D:8      | Killed a manticore
  8464 | D:8      | Noticed a centaur warrior
  8473 | D:8      | Killed a centaur warrior
  8569 | D:8      | Noticed a tengu warrior
  8757 | D:8      | Killed a catoblepas
  8800 | D:8      | Noticed a centaur warrior
  8812 | D:8      | Killed a centaur warrior
  8813 | D:8      | Reached skill level 12 in Unarmed Combat
  8813 | D:8      | Reached XP level 11. HP: 45/109 MP: 10/10
  8895 | D:9      | You fall into a shaft and drop 1 floor!
  8895 | D:10     | Entered Level 10 of the Dungeon
  9076 | D:9      | Noticed Harold
  9090 | D:9      | Killed Harold
  9271 | D:9      | Found an iron altar of Okawaru.
  9362 | D:9      | Found Isugurghuel's Armour Shoppe.
  9408 | D:9      | Noticed a two-headed ogre
  9411 | D:9      | Killed a two-headed ogre
  9611 | D:9      | Found a hazy altar of Hepliaklqana.
  9966 | D:10     | Reached **** piety under Wu Jian
 10392 | D:10     | Reached skill level 13 in Unarmed Combat
 10660 | D:10     | Found a staircase to the Lair.
 10874 | D:10     | Reached skill level 5 in Dodging
 10956 | Lair:1   | Entered Level 1 of the Lair of Beasts
 11011 | Lair:1   | Found a snail-covered altar of Cheibriados.
 11070 | Lair:1   | Reached ***** piety under Wu Jian
 11121 | Lair:1   | Noticed a six-headed hydra
 11272 | Lair:1   | Noticed a boulder beetle
 11276 | Lair:1   | Reached XP level 12. HP: 107/122 MP: 11/11
 11286 | Lair:1   | Killed a boulder beetle
 11369 | Lair:1   | Noticed a death yak
 12153 | Lair:1   | Noticed a death yak
 12154 | Lair:1   | Noticed an eight-headed hydra
 12311 | Lair:2   | Reached skill level 14 in Unarmed Combat
 12496 | Lair:2   | Noticed Erica
 12754 | Lair:2   | Killed Erica
 13052 | Lair:2   | Found a staircase to the Shoals.
 13151 | Lair:3   | Noticed an eight-headed hydra
 13369 | Lair:3   | Reached skill level 10 in Shields
 13391 | Lair:3   | Noticed a catoblepas
 13403 | Lair:3   | Killed a catoblepas
 13433 | Lair:3   | Noticed a dire elephant
 13495 | Lair:3   | Found a runed translucent door.
 13522 | Lair:3   | Noticed a six-headed hydra
 13525 | Lair:3   | Killed a nine-headed hydra
 13570 | Lair:3   | Identified the +1 ring mail of Ganwilat {Drain rN+ SInv}
 13720 | Lair:3   | Killed a ten-headed hydra
 13720 | Lair:3   | Reached XP level 13. HP: 131/131 MP: 12/12
 13781 | Lair:3   | Reached skill level 15 in Unarmed Combat
 13890 | Lair:3   | Found a hole to the Spider Nest.
 14792 | Lair:4   | Found a shimmering blue altar of Sif Muna.
 15458 | Lair:5   | Entered Level 5 of the Lair of Beasts
 15661 | Lair:5   | Reached skill level 10 in Fighting
 15728 | Lair:5   | Reached skill level 16 in Unarmed Combat
 15799 | Lair:5   | Found a staircase to the Slime Pits.
 16275 | Lair:5   | Reached XP level 14. HP: 110/143 MP: 13/13
 16620 | Lair:5   | Found a viscous altar of Jiyva.
 16876 | Lair:5   | Reached ****** piety under Wu Jian
 18559 | D:12     | Found a white marble altar of Elyvilon.
 18938 | D:12     | Found a staircase to the Orcish Mines.
 19175 | Orc:1    | Entered Level 1 of the Orcish Mines
 19194 | Orc:1    | Reached skill level 17 in Unarmed Combat
 19585 | Orc:2    | Entered Level 2 of the Orcish Mines
 19585 | Orc:2    | Found Emadyn's Weapon Shoppe.
 19600 | Orc:2    | Found a staircase to the Elven Halls.
 19691 | Orc:2    | Found a frozen archway.
 19700 | IceCv    | Entered an ice cave
 20514 | Orc:2    | Noticed Snorg
 20521 | Orc:2    | Killed Snorg
 20709 | Orc:2    | Found a radiant altar of Vehumet.
 20715 | Orc:2    | Found Ashidant's Antique Weapon Boutique.
 20727 | Orc:2    | Found an ancient bone altar of Kikubaaqudgha.
 20775 | Orc:2    | Found Janafihepo's Book Shop.
 20784 | Orc:2    | Found Ifageum's Magic Scroll Boutique.
 20862 | Orc:2    | Found Quoreisch's Antique Weapon Boutique.
 21471 | D:13     | Found a gate leading to a gauntlet.
 21480 | Gauntlet | Entered a Gauntlet
 21480 | Gauntlet | Found a transporter.
 21492 | Gauntlet | Found a transporter.
 21505 | Gauntlet | Found a transporter.
 21510 | Gauntlet | Found a transporter.
 21527 | Gauntlet | Found a transporter.
 21545 | Gauntlet | Found a transporter.
 21554 | Gauntlet | Found a transporter.
 21569 | Gauntlet | Found a transporter.
 21581 | Gauntlet | Found a transporter.
 21593 | Gauntlet | Found a transporter.
 21610 | Gauntlet | Found a transporter.
 21610 | Gauntlet | Found a transporter.
 21630 | Gauntlet | Found a transporter.
 21670 | Gauntlet | Found a transporter.
 21745 | Gauntlet | Found a transporter.
 21770 | Gauntlet | Found a transporter.
 21772 | Gauntlet | Found a transporter.
 21903 | Gauntlet | Reached XP level 15. HP: 119/153 MP: 14/14
 21986 | Gauntlet | Identified the +2 cloak of the Worm {Harm *Corrode Fly
                  | Will+}
 22229 | Gauntlet | Got Cips's Anthology of Vile Contamination
 22415 | D:13     | Found a gate to the Vaults.
 22678 | D:13     | Reached skill level 18 in Unarmed Combat
 23360 | D:14     | Found a shimmering blue altar of Sif Muna.
 23795 | D:14     | Found a hazy altar of Hepliaklqana.
 23820 | D:15     | Entered Level 15 of the Dungeon
 24245 | D:15     | Noticed Nessos
 25117 | D:15     | Killed Nessos
 25728 | D:15     | Found a staircase to the Depths.
 26086 | Spider:1 | Entered Level 1 of the Spider Nest
 27351 | Shoals:1 | Entered Level 1 of the Shoals
 27397 | Shoals:1 | Reached skill level 19 in Unarmed Combat
 27607 | Shoals:1 | Reached XP level 16. HP: 165/165 MP: 15/15
 29318 | Shoals:2 | Identified the +4 long sword "Colupt" {vorpal, Str-5 Dex+6}
 29486 | Shoals:2 | You fall into a shaft and drop 1 floor!
 29726 | Shoals:2 | Noticed Polyphemus
 29751 | Shoals:2 | Reached skill level 20 in Unarmed Combat
 30707 | Shoals:2 | Killed Polyphemus
 30768 | Shoals:3 | Noticed Ilsuiw
 30967 | Shoals:3 | Killed Ilsuiw
 31832 | Shoals:4 | Entered Level 4 of the Shoals
 31905 | Shoals:4 | Found a flickering gateway to a bazaar.
 31926 | Bazaar   | Entered a bazaar
 31953 | Bazaar   | Found Erra's Jewellery Emporium.
 31997 | Bazaar   | Found Maxkaupt's Magic Scroll Boutique.
 32005 | Bazaar   | Bought a scroll of acquirement for 572 gold pieces
 32005 | Bazaar   | Bought a scroll of blinking for 82 gold pieces
 32005 | Bazaar   | Bought a scroll of vulnerability for 44 gold pieces
 32009 | Bazaar   | Found Teowori's Assorted Antiques.
 32017 | Bazaar   | Bought a potion of heal wounds for 105 gold pieces
 32045 | Bazaar   | Found Febryiss's Jewellery Emporium.
 32235 | Bazaar   | Acquired a scarf of resistance
 32268 | Bazaar   | Bought the ring "Echankadupt" {rElec rF++ rCorr Str+6
                  | Int-4} for 841 gold pieces
 32321 | Bazaar   | Bought a ring of protection from cold for 275 gold pieces
 32416 | Shoals:4 | Got the Writings on Fire
 33124 | Shoals:4 | Reached XP level 17. HP: 169/176 MP: 16/16
 33134 | Shoals:4 | Reached skill level 21 in Unarmed Combat
 33647 | Spider:2 | Learned a level 6 spell: Statue Form
 34209 | Spider:2 | Reached skill level 1 in Earth Magic
 34232 | Spider:2 | Identified the +2 scale mail of Gallantry {Drain Int+4
                  | SInv}
 34314 | Spider:3 | Reached skill level 1 in Transmutations
 34371 | Spider:2 | Reached skill level 1 in Spellcasting
 34719 | Spider:3 | Found a runed translucent gate.
 34719 | Spider:3 | Found a runed translucent gate.
 34719 | Spider:3 | Found a runed translucent gate.
 34719 | Spider:3 | Noticed ChadusMaximus's ghost (adept MiFi)
 35401 | Spider:4 | Entered Level 4 of the Spider Nest
 37568 | Spider:4 | Identified the +6 rapier "Baalezau" {drain, Dex+4}
 37880 | Spider:4 | Reached skill level 5 in Earth Magic
 38753 | Spider:4 | Got a gossamer rune of Zot
 38766 | Spider:4 | Identified the +1 pair of gloves of Amorality {rElec rPois
                  | Str-4}
 39161 | Shoals:4 | Reached skill level 5 in Transmutations
 39717 | Shoals:4 | Reached XP level 18. HP: 173/185 MP: 21/21
 39762 | Shoals:4 | Got a barnacled rune of Zot
 40381 | Vaults:1 | Entered Level 1 of the Vaults
 41684 | Vaults:1 | Found Foxkynoe's Distillery.
 41692 | Vaults:1 | Bought a potion of heal wounds for 55 gold pieces
 41692 | Vaults:1 | Bought a potion of heal wounds for 55 gold pieces
 42743 | Vaults:2 | Found a staircase to the Crypt.
 42743 | Vaults:2 | Found a basalt altar of Yredelemnul.
 42743 | Vaults:2 | Found an ancient bone altar of Kikubaaqudgha.
 42897 | Vaults:2 | Noticed Asterion
 42900 | Vaults:2 | Killed Asterion
 43304 | Vaults:2 | Reached skill level 10 in Earth Magic
 43378 | Vaults:2 | Paralysed by a great orb of eyes for 5 turns
 44049 | Vaults:3 | Reached XP level 19. HP: 147/193 MP: 22/22
 45242 | Vaults:3 | Reached skill level 10 in Transmutations
 46275 | Vaults:4 | Found a flickering gateway to a bazaar.
 46297 | Bazaar   | Entered a bazaar
 46301 | Bazaar   | Found Podufih's Jewellery Boutique.
 46323 | Bazaar   | Found Gudaall's Antique Weapon Emporium.
 46344 | Bazaar   | Found Funonet's Weapon Boutique.
 46364 | Bazaar   | Found Tacorohe's Antique Armour Shoppe.
 46406 | Bazaar   | Bought an embroidered robe for 77 gold pieces
 46423 | Bazaar   | Bought a +6 ring of intelligence for 540 gold pieces
 47855 | Vaults:4 | Identified the +6 short sword of the Toothy God {flame,
                  | +Blink rElec}
 49377 | Lair:3   | Identified the +9 plate armour "Soxkifob" {rElec Regen+
                  | rCorr Str+3 Dex-3}
 49615 | Elf:1    | Entered Level 1 of the Elven Halls
 49844 | Elf:1    | Gained mutation: You are frail. (-10% HP) [mutagenic glow]
 50222 | Elf:1    | Reached XP level 20. HP: 181/181 MP: 17/23
 50728 | Elf:1    | Got the Codex of the Flock
 51099 | Elf:1    | You fall into a shaft and drop 1 floor!
 51188 | Elf:2    | Found a runed translucent gate.
 51188 | Elf:2    | Found a runed translucent gate.
 51192 | Elf:2    | Found a runed translucent gate.
 51902 | Elf:3    | Entered Level 3 of the Elven Halls
 52148 | Elf:2    | Found Epnech's General Store.
 53997 | Elf:3    | Reached skill level 15 in Earth Magic
 54013 | Elf:3    | Identified the +6 morningstar "Etzywett" {vorpal, rN+}
 54013 | Elf:3    | Identified the ring of Sif Muna's Whim {rPois rF++ EV+4}
 54622 | Elf:3    | Identified the +10 quick blade of the Hawk {freeze, +Blink
                  | Dex+5 Stlth+}
 54670 | Elf:3    | Identified the +6 flail of Rualed {venom, rPois Str+4
                  | Int-3}
 54670 | Elf:3    | Identified a ring "Fapse" {rF+ Int+4 Slay+4 Stlth+}
 54877 | Elf:3    | Got the Compilation of the Yeti
 55400 | Crypt:1  | Entered Level 1 of the Crypt
 55422 | Crypt:1  | Reached XP level 21. HP: 189/189 MP: 22/24
 55743 | Crypt:1  | Noticed Donald
 55756 | Crypt:1  | Killed Donald
 55816 | Crypt:1  | Found a runed translucent gate.
 55816 | Crypt:1  | Found a runed translucent gate.
 55818 | Crypt:1  | Found a runed translucent gate.
 55818 | Crypt:1  | Found an ancient bone altar of Kikubaaqudgha.
 55818 | Crypt:1  | Noticed a dread lich
 55818 | Crypt:1  | Noticed Woadakig's ghost (veteran FoFi)
 55819 | Crypt:1  | Noticed Esecs's ghost (veteran GrEE)
 55819 | Crypt:1  | Noticed rrossfarrar's ghost (veteran BaFi)
 55979 | Crypt:1  | You fall into a shaft and drop 1 floor!
 57000 | Crypt:2  | Paralysed by a vampire knight for 5 turns
 57241 | Crypt:3  | Entered Level 3 of the Crypt
 57246 | Crypt:3  | Paralysed by a vampire knight for 2 turns
 57340 | Crypt:3  | Found a staircase to the Tomb.
 57449 | Crypt:3  | Noticed Boris
 57456 | Crypt:3  | Killed Boris
 57474 | Crypt:3  | Reached skill level 1 in Evocations
 57710 | Crypt:3  | Identified the +7 halberd of Pocev {freeze, Will++}
 57710 | Crypt:3  | Identified the ring of the Jester {Fire rPois Str+4}
 57777 | Crypt:3  | Noticed a curse toe
 57780 | Crypt:3  | Noticed a curse toe
 57784 | Crypt:3  | Killed a curse toe
 57789 | Crypt:3  | Killed a curse toe
 58071 | Crypt:3  | Identified the ring "Dafiwki" {rC+ rN+ rCorr Str+6 Dex-2}
 58079 | Crypt:3  | Reached skill level 5 in Evocations
 58661 | Crypt:3  | Noticed an ancient lich
 59012 | Crypt:3  | Found a staircase to the Tomb.
 59325 | Crypt:3  | Identified the +6 short sword of Untimely Demise {vorpal,
                  | rC- SInv Stlth+}
 59335 | Crypt:3  | Killed an ancient lich
 59391 | Crypt:3  | Identified the amulet "Zafistar" {Regen+ SInv}
 59391 | Crypt:3  | Identified the ring "Xyen" {*Corrode rN+ Str+2 Dex+4
                  | Stlth+}
 59396 | Crypt:3  | Identified the +5 short sword of Law {freeze, Contam
                  | Will+++ rCorr Int+5}
 60109 | Depths:1 | Entered Level 1 of the Depths
 60128 | Depths:1 | Reached XP level 22. HP: 197/197 MP: 22/25
 60142 | Depths:1 | Found a gateway to Hell.
 60174 | Depths:1 | Found Polukhat's General Store.
 60308 | Depths:1 | Found Guxtywke's Book Shop.
 60308 | Depths:1 | Found Kiriucaf's Jewellery Emporium.
 60310 | Depths:1 | Found Doygaj's Book Shop.
 61413 | Depths:2 | Found an ornate altar of the Wu Jian Council.
 61523 | Depths:2 | Found a one-way gate leading to the halls of Pandemonium.
 61571 | Depths:2 | Got the Incunable of Fetching Forms
 61901 | Depths:2 | Noticed Boris
 61908 | Depths:2 | Killed Boris
 62094 | Depths:2 | Identified the +0 pair of gloves of Xeghiheu {rPois Int+3}
 62236 | Depths:3 | Found Zoeth's Antique Armour Emporium.
 62239 | Depths:3 | Noticed Frederick
 62241 | Depths:3 | Killed Frederick
 62363 | Depths:3 | HP: 6/258 [deep troll earth mage (13)]
 62364 | Depths:3 | Killed from afar by a quicksilver dragon (illusionary)

Illustrated notes

Levels and vault maps discovered:
D:1:      roderic_dead_forest, layout_loops_ring,
          hellmonk_ecumenical_altar_inner_sanctum, minivault_23
D:2:      layout_basic
D:3:      layout_rooms, gup_sewer_entry_bowl
D:4:      layout_loops_ring, eat_drink_and_be_merry_uskayaw,
          makhleb_heckhound_becter, lemuel_round_altar,
          nicolae_tso_carved_into_rock, temple_fountains
D:5:      layout_basic, nemelex_altar_shiori
D:6:      wander_river, layout_basic, xom_teletrap_fun, grunt_ministairs_14
D:7:      cheibrodos_steamvent, layout_loops_ring,
          nicolae_qazlal_general_emergency, nicolae_grassy_gnolls
D:8:      minmay_the_grid_square_5x5_3x3 [minmay_the_grid_square_5x5_dogpile,
          minmay_the_grid_square_5x5_six_small,
          minmay_the_grid_square_5x5_one_wall,
          minmay_the_grid_square_5x5_trominoes,
          minmay_the_grid_square_5x5_megaprize_open,
          minmay_the_grid_square_5x5_six, minmay_the_grid_square_5x5_inset,
          minmay_the_grid_square_5x5_minivault,
          minmay_the_grid_square_5x5_beaten_path], layout_basic,
          hangedman_decor_lopped
D:9:      layout_cave_pools, mainiacjoe_overflow_tiny_flanked,
          nicolae_overflow_crystal_walls, serial_shops,
          nicolae_shop_advertising_works [nicolae_subvault_shop_adworks],
          uniq_harold
D:10:     minmay_polygon_palace, layout_irregular_city, minmay_lair_entry_grove
D:11:     layout_cave_pools
D:12:     layout_basic, orc_0_dummy, elyvilon_altar_5
D:13:     layout_irregular_city, david_vaults_5, gauntlet_entry_generic,
          grunt_potential
D:14:     layout_rooms, nicolae_sif_muna_condensation,
          nzn_hepliaklqana_mist_gate
D:15:     grunt_enter_depths_hoard, layout_basic,
          hangedman_abyss_or_decor_jellyfish_corner, serial_bayou,
          serial_bayou_pond_e, serial_bayou_lagoon_b, serial_bayou_pond_d,
          serial_bayou_pond_c, uniq_nessos
Temple:   nicolae_temple_figure_eight
Lair:1:   layout_long_grid, basic_altar, nzn_random_ring, grunt_megastairs_5,
          lemuel_fruit_tree
Lair:2:   layout_cellular_growth, shoals_dummy_entry, uniq_erica
Lair:3:   gammafunk_lair_enchanted_lake, layout_long_grid,
          hellmonk_spider_entry_life_and_decay
Lair:4:   layout_small_grid, basic_altar
Lair:5:   minmay_lair_end_enchanted_forest, layout_small_grid, slime_entry_1,
          minmay_lair_drake_nest
Shoals:1: cheibrodos_shoals_baths, layout_shoals
Shoals:2: layout_shoals, uniq_polyphemus
Shoals:3: layout_shoals, uniq_ilsuiw
Shoals:4: shoals_end_grunt_ice, layout_shoals, serial_shops, bzr_entry_islet
Spider:1: layout_cave_pods
Spider:2: layout_spider_delve, drop_trap
Spider:3: layout_spider_delve, ebering_ghost_rock_garden,
          nicolae_spider_cling_halls
Spider:4: grunt_spider_rune_island
Orc:1:    layout_diamond_mine
Orc:2:    kennysheep_orc_mage_school, layout_diamond_mine,
          portal_ice_cave_entry_pillars_1, serial_shops, shop_coins,
          lemuel_statue_altar, uniq_snorg
Elf:1:    nicolae_elf_arrival_no_cutting_in_line, layout_geoelf_grid,
          minmay_elf_demonology
Elf:2:    nicolae_elf_blades_splatter_lattice [nicolae_blade_entry_pointy_end],
          layout_loops_corners, serial_shops, nicolae_shop_waterfront
Elf:3:    elf_hall, layout_onion_city, grunt_ministairs_14
Vaults:1: grunt_vaults_funnel, grunt_vaults_focal,
          nicolae_vaults_inception_scallops, vaults_room_hallway, v_misc_4,
          v_misc_15, vaults_room_stairs_pillars, nicolae_vaults_alarming,
          nicolae_vaults_network_star, nicolae_vaults_sealed_display,
          layout_vaults_omnibox, serial_shops, nicolae_square_shop
Vaults:2: vaults_room_pools, v_misc_26, minmay_crypt_entry_necro_gods,
          ontoclasm_vaults_ligature, vaults_room_hangedman_quadrants,
          nicolae_vaults_mini_display_case, vaults_dpeg_ring, vaults_room_pools,
          layout_vaults_omnigrid, uniq_asterion
Vaults:3: ontoclasm_vaults_eye, ontoclasm_vaults_hangar, hangedman_vaults_nodes,
          v_misc_15, nicolae_vaults_bisected_inception, dpeg_vaults_waves,
          v_misc_18, hangedman_vaults_variations, ontoclasm_vaults_misaligned,
          vaults_room_fancy_cross, v_misc_9, ontoclasm_vaults_pinch,
          nicolae_vaults_shelves_hall, vaults_mumra_hex, layout_vaults_ring
Vaults:4: vaults_mumra_hexcomb, nicolae_vaults_asterisk, grunt_vaults_swirl,
          vaults_room_grunt_arrival_checkpoint, v_misc_23,
          hangedman_vaults_trim, v_misc_24, hangedman_vaults_stream, v_misc_16,
          nicolae_vaults_little_squares_2, v_misc_24,
          nicolae_vaults_border_crossing, layout_vaults_chaotic_city,
          serial_shops, bzr_entry_gold
Crypt:1:  layout_chaotic_city, gammafunk_ghost_crypt, uniq_donald
Crypt:2:  layout_basic, nicolae_crypt_ancient_font, lemuel_upstairs_altar
Crypt:3:  david_glass_crypt, layout_misc_corridors, tomb_entry_shell_bobbens,
          serial_sigils, serial_sigils_hangedman_gut,
          serial_sigils_hangedman_snap, serial_sigils_hangedman_confine,
          serial_sigils_hangedman_snap, serial_sigils_hangedman_leer,
          serial_sigils_hangedman_snap, uniq_boris
Depths:1: layout_honeycomb, serial_shops,
          nicolae_shop_competitors_out_of_business, grunt_decor_cap, hell_entry,
          kennysheep_four_rooms, serial_bayou_shore_b, minmay_shop_grove,
          serial_bayou_shore_b, roderic_lattice_octagonal_star
Depths:2: kennysheep_funnel, layout_cross, glass_columns_b, pan_entry,
          hellmouth_1, nzn_wu_jian_contemplation
Depths:3: kennysheep_spiral_hall, layout_basic, serial_shops,
          nicolae_shop_hallway_plus, abyss_entry_flame_altar,
          pf_vacation_house_of_asmodeus, minmay_misc_feat_chi,
          lemuel_freeze_loot_1, infiniplex_staircase_squiggle, uniq_josephina,
          uniq_frederick

Skill      XL: |  1  2  3  4  5  6  7  8  9 10 11 12 13 14 15 16 17 18 19 20 21 22 |
---------------+-------------------------------------------------------------------+-----
Shields        | 3 4 6 7 8 9 10 11 12 13 | 13.7
Unarmed Combat | 3 4 5 6 8 10 12 13 14 16 17 19 20 21 | 21.6
Fighting       | 3 4 5 6 7 8 9 10 11 13 | 13.7
Dodging        | 3 5 6 7 9 |  9.9
Earth Magic    | 6 10 13 15 17 18 | 18.0
Transmutations | 5 8 11 13 | 13.6
Spellcasting   | 3 |  3.3
Evocations     | 6 |  6.3

Action                   |  1- 3 |  4- 6 |  7- 9 | 10-12 | 13-15 | 16-18 | 19-21 | 22-24 || total
-------------------------+-------+-------+-------+-------+-------+-------+-------+-------++-------
Melee: Unarmed           |    83 |   177 |   264 |   656 |  1422 |  1581 |  1163 |   170 ||  5516
       Staff             |       |       |       |       |       |       |     6 |       ||     6
Throw: Dart              |       |       |    15 |    17 |     1 |       |       |       ||    33
       Boomerang         |       |       |       |     1 |     1 |       |       |       ||     2
       Large rock        |       |       |       |    12 |    58 |     1 |       |       ||    71
       Throwing net      |       |       |       |       |     1 |       |       |       ||     1
 Cast: Statue Form       |       |       |       |       |       |       |   119 |    31 ||   150
Invok: Lunge             |       |     9 |    22 |    65 |   108 |   156 |   131 |    14 ||   505
       Whirlwind         |       |       |     7 |    86 |   208 |   229 |   260 |    55 ||   845
       Serpent's Lash    |       |       |       |     2 |     5 |     7 |     1 |       ||    15
       Heavenly Storm    |       |       |       |       |     2 |     2 |     2 |     1 ||     7
Evoke: Wand              |       |       |       |     3 |    13 |    43 |     1 |       ||    60
       Condenser vane    |       |       |       |       |       |     2 |       |       ||     2
       Phial of floods   |       |       |       |       |       |     1 |       |       ||     1
  Use: Scroll            |       |    12 |     1 |    18 |    14 |     9 |     7 |     1 ||    62
       Potion            |       |       |     1 |       |     4 |     8 |     9 |     1 ||    23
 Stab: Sleeping          |     1 |       |     1 |       |     3 |     4 |     5 |     2 ||    16
       Distracted        |       |       |       |     1 |     2 |       |     2 |       ||     5
       Invisible         |       |       |       |     1 |     4 |       |       |       ||     5
Armor: Robe              |    30 |    62 |    29 |       |       |       |     2 |     2 ||   125
       Steam dragon scal |       |       |    28 |   204 |   321 |   319 |    46 |       ||   918
       Skin              |       |       |       |       |       |       |   294 |    48 ||   342
Dodge: Dodged            |    24 |    61 |    63 |   182 |   443 |   405 |   259 |    52 ||  1489
Block: Kite shield       |    30 |    56 |    99 |   254 |   631 |   707 |   830 |   159 ||  2766
       Reflection        |       |       |       |       |    25 |    35 |    55 |    11 ||   126
